 Dungeon Crawl Stone Soup version 0.31-a0-108-gdf935468f2 (webtiles) character file.

Game seed: 9327161363921777042

1475 Aneyh the Trooper (level 8, -3/53 HPs)
             Began as a Tengu Monk on May 27, 2023.
             Killed by divine providence
             ... invoked by an orc priest
              (12 damage)
             ... on level 6 of the Dungeon.
             The game lasted 00:09:09 (5806 turns).

Aneyh the Trooper (Tengu Monk)                      Turns: 5806, Time: 00:09:09

Health: -3/53      AC:  7    Str: 18    XL:     8   Next: 78%
Magic:  9/9        EV: 17    Int: 15    God:
Gold:   282        SH:  0    Dex: 26    Spells: 5/7 levels left

rFire   . . .        j - +0 great mace
rCold   . . .        (shield currently unavailable)
rNeg    . . .        m - +4 robe of Augmentation {Str+4 Int+4 Dex+4}
rPois   .            (helmet restricted)
rElec   .            o - scarf {+Inv}
rCorr   .            u - +0 pair of gloves
SInv    .            (boots unavailable)
Will    .....        (no amulet)
Stlth   ++           t - ring of wizardry
HPRegen 0.28/turn    y - +6 ring of dexterity
MPRegen 0.11/turn

%: wizardry (x1)
@: flying quickly and evasively, quick
A: beak, talons 3, nimble flight
a: Evoke Invisibility


You were on level 6 of the Dungeon.
You visited 2 branches of the dungeon, and saw 7 of its levels.

You collected 282 gold pieces.

Inventory:

Hand Weapons
 a - a +0 hand axe
 f - a +0 long sword
 j - a +0 great mace (weapon)
 E - a +0 war axe
 G - a +2 flail of protection
Missiles
 e - 3 boomerangs (quivered)
 x - 9 atropa-tipped darts
Armour
 b - a +0 robe
 d - an orb of light
 m - the +4 robe of Augmentation (worn) {Str+4 Int+4 Dex+4}
   (You found it on level 2 of the Dungeon)

   Str:       It affects your strength (+4).
   Int:       It affects your intelligence (+4).
   Dex:       It affects your dexterity (+4).
 o - a scarf of invisibility (worn)
 r - a +3 leather armour
 u - a +0 pair of gloves (worn)
 H - a +2 scale mail of willpower
Jewellery
 t - a ring of wizardry (left hand)
 y - a +6 ring of dexterity (right hand)
 I - a ring of fire
Wands
 A - a wand of polymorph (9)
Scrolls
 c - 2 scrolls of teleportation {unknown}
 g - 6 scrolls of enchant weapon {unknown}
 p - 2 scrolls of immolation {unknown}
 q - a scroll of vulnerability {unknown}
 v - 3 scrolls of identify {unknown}
 z - a scroll of butterflies {unknown}
 D - a scroll of silence {unknown}
Potions
 h - a potion of lignification
 i - 2 potions of resistance
 k - a potion of haste {unknown}
 l - a potion of enlightenment {unknown}
 n - 2 potions of attraction {unknown}
 s - a potion of brilliance {unknown}
 w - a potion of ambrosia
 B - a potion of might
 C - a potion of curing
 F - a potion of cancellation {unknown}


   Skills:
 + Level 7.5 Fighting
 - Level 6.0(7.5) Axes
 * Level 7.1(8.2) Maces & Flails
 - Level 3.2 Dodging


You had 5 spell levels left.
You knew the following spells:

 Your Spells              Type           Power      Damage    Failure   Level
a - Call Imp              Summ           0%         N/A       16%         2

Your spell library contained the following spells:

 Spells                   Type           Power      Damage    Failure   Level
 Magic Dart               Conj           0%         1d3       11%         1
 Mephitic Cloud           Conj/Pois/Air  0%         N/A       32%         3


Dungeon Overview and Level Annotations

Branches:
Dungeon (6/15)             Temple (1/1) D:5

Altars:
Ashenzari
Elyvilon
Makhleb
Nemelex Xobeh
Okawaru
Trog
Vehumet
Wu Jian
Xom
Yredelemnul
The Shining One

Annotations:
D:3 Sigmund


Innate Abilities, Weirdness & Mutations

You have a beak for a mouth.
You have claws for feet.
Your magical nature lets you fly swiftly and evasively.


Message History

A shadow imp comes into view.
The orc moves out of view.
The shadow imp shouts!
The iguana hisses angrily.
Found six items.
Casting: Call Imp (safe; 16% risk of failure)
Confirm with . or Enter, or press ? or * to list all spells.
A tiny devil pulls itself out of the air.
The orc priest shouts!
The orc priest closely misses your cerulean imp.
The shadow imp hits your cerulean imp but does no damage.
Your cerulean imp hits the shadow imp but does no damage.
The shadow imp closely misses your cerulean imp.
Your cerulean imp hits the shadow imp but does no damage.
The orc priest looks satisfied for a moment.
The shadow imp hits your cerulean imp.
Your cerulean imp hits the shadow imp with a -4 spear.
The orc priest barely misses your cerulean imp.
The shadow imp closely misses your cerulean imp.
The orc priest mumbles some strange prayers to Beogh against you.
Beogh smites you!
Your cerulean imp hits the shadow imp but does no damage.
The orc priest invokes the aid of Beogh against you.
Beogh smites you! The shadow imp hits your cerulean imp.
Found a +0 club.
Your cerulean imp closely misses the shadow imp.
The shadow imp hits your cerulean imp but does no damage.
The orc priest invokes the aid of Beogh against you.
Beogh smites you!
Your cerulean imp hits the shadow imp but does no damage.
The shadow imp misses your cerulean imp.
Something closely misses your cerulean imp.
Your cerulean imp barely misses the shadow imp.
The shadow imp barely misses your cerulean imp.
The orc priest calls down the wrath of Beogh upon you.
Beogh smites you!
* * * LOW HITPOINT WARNING * * *
The orc priest looks satisfied for a moment.
The orc priest calls down the wrath of Beogh upon you.
Beogh smites you!
You die...

############ #.......>..#
#..........# #......<...#
######..........# ###
#....#....).....# ###..
#.>..#..........# ##....
##....#.........@####### ##..#.#
#...<..................####....##
#.....#.................o...#..#
#.#.#...............l...##.....#
#.#.###.########>.......#.5###.#
.##...### ###.........#.## ###
.#......### #...........#5#
##........######.......o..## +
#.............###.......#..#####)


You could see an iguana and an orc priest.

Vanquished Creatures
  Eustachio (D:4)
  Edmund (D:6)
  A water moccasin (D:5)
  A sky beast (D:6)
  An ogre (D:6)
  A centaur (D:5)
  2 phantoms
  4 scorpions
  A howler monkey (D:5)
  A hound (D:5)
  A jelly (D:4)
  5 iguanas
  Terence (D:2)
  Natasha (twice) (D:2)
  An orc wizard (D:6)
  6 adders
  2 white imps (D:5)
  An ufetubus (D:6)
  A worm (D:2)
  A dart slug (D:2)
  5 orcs
  2 bats
  9 endoplasms
  A giant cockroach (D:3)
  5 goblins
  6 hobgoblins
  13 jackals
  6 quokkas
  7 ball pythons
  A frilled lizard (D:2)
  10 kobolds
  3 rats
103 creatures vanquished.

Vanquished Creatures (collateral kills)
  A jackal (D:5)
1 creature vanquished.

Grand Total: 104 creatures vanquished

Notes
Turn   | Place    | Note
-------+----------+-------------------------------------------
     0 | D:1      | Aneyh the Tengu Monk began the quest for the Orb.
     0 | D:1      | Reached XP level 1. HP: 14/14 MP: 2/2
   137 | D:1      | Reached XP level 2. HP: 19/19 MP: 3/3
   729 | D:1      | Reached XP level 3. HP: 12/23 MP: 4/4
  1163 | D:2      | Noticed Terence
  1276 | D:2      | Noticed Natasha
  1286 | D:2      | Killed Natasha
  1287 | D:2      | Reached skill level 5 in Axes
  1319 | D:2      | Reached XP level 4. HP: 28/28 MP: 5/5
  1461 | D:2      | Found the +4 robe of Augmentation {Str+4 Int+4 Dex+4}
  1482 | D:2      | Killed Terence
  2031 | D:2      | Noticed Natasha
  2036 | D:2      | Killed Natasha
  2037 | D:2      | Gained mutation: Your magical nature lets you fly swiftly
                  | and evasively. [Tengu growth]
  2037 | D:2      | Reached XP level 5. HP: 26/32 MP: 6/6
  2428 | D:3      | Found a faded altar of an unknown god.
  2830 | D:3      | Reached XP level 6. HP: 39/39 MP: 7/7
  2920 | D:3      | Noticed Sigmund
  2972 | D:4      | Noticed Eustachio
  2994 | D:4      | Killed Eustachio
  2995 | D:4      | Reached skill level 5 in Fighting
  2995 | D:4      | Reached skill level 1 in Maces & Flails
  3106 | D:4      | Found an iron altar of Okawaru.
  3342 | D:4      | Reached XP level 7. HP: 45/45 MP: 8/8
  4051 | D:5      | Entered Level 5 of the Dungeon
  4566 | D:5      | Learned a level 2 spell: Call Imp
  4723 | D:5      | Found a staircase to the Ecumenical Temple.
  4729 | D:5      | Reached XP level 8. HP: 53/53 MP: 9/9
  4740 | Temple   | Entered the Ecumenical Temple
  5235 | D:6      | Found a basalt altar of Yredelemnul.
  5337 | D:6      | Reached skill level 5 in Maces & Flails
  5573 | D:6      | Found an ornate altar of the Wu Jian Council.
  5670 | D:6      | Noticed Edmund
  5683 | D:6      | Killed Edmund
  5806 | D:6      | Killed from afar by an orc priest

Illustrated notes

Levels and vault maps discovered:
D:1:      onia_arrival_mini_spirals, layout_basic, nrook_mini_vaults
D:2:      layout_loops_corners, serial_glass, glass_columns_c, glass_columns_b,
          glass_columns_b, glass_columns_b, glass_columns_a, minivault_23,
          uniq_natasha, uniq_terence
D:3:      layout_loops_ring, nicolae_overflow_ecumenical_swirl,
          lemuel_coloured_pillars_altar, minmay_misc_feat_cross,
          amcnicky_mini_pool_small, minmay_misc_feat_rugged, uniq_sigmund
D:4:      layout_basic, mainiacjoe_overflow_alcove_2, uniq_eustachio
D:5:      layout_loops_ring, minmay_temple_entry_stoned_glass
D:6:      minmay_skewed_foursquare, layout_rooms, nzn_wu_jian_contemplation,
          mainiacjoe_overflow_small_starburst, minmay_joined_circles,
          uniq_edmund
Temple:   nicolae_temple_two_arcs

Skill      XL: |  1  2  3  4  5  6  7  8 |
---------------+-------------------------+-----
Axes           | 4 5 6 |  6.0
Fighting       | 4 5 7 |  7.5
Maces & Flails | 2 4 7 |  7.1
Dodging        | |  3.2

Action                     |  1- 3 |  4- 6 |  7- 9 || total
---------------------------+-------+-------+-------++-------
  Melee: Hand axe          |    60 |    88 |    34 ||   182
         Kick              |    15 |    23 |    42 ||    80
         Peck              |    12 |    16 |    18 ||    46
         Great mace        |       |       |    68 ||    68
  Throw: Boomerang         |       |    12 |    15 ||    27
   Cast: Call Imp          |       |       |     3 ||     3
    Use: Potion            |       |     6 |     1 ||     7
   Stab: Sleeping          |     1 |     1 |     3 ||     5
         Distracted        |       |       |     1 ||     1
 Armour: Robe              |     9 |    13 |    28 ||    50
         Skin              |       |     4 |       ||     4
  Dodge: Dodged            |    40 |    53 |    78 ||   171

Table legend: (Time is in decaauts)
 A = Elapsed time spent in this place.
 B = Non-inter-level travel time spent in this place.
 C = Inter-level travel time spent in this place.
 D = Time resting spent in this place.
 E = Time spent auto-exploring this place.
 F = Levels seen in this place.
 G = Mean time per level.
                   A        B        C        D        E       F      G
               +--------+--------+--------+--------+--------+-----+--------+
         Total |   5592 |   5411 |    181 |    941 |   3661 |   7 |  798.9 |
       Dungeon |   5495 |   5328 |    167 |    941 |   3582 |   6 |  915.8 |
        Temple |     97 |     84 |     13 |      0 |     79 |   1 |   97.0 |
               +--------+--------+--------+--------+--------+-----+--------+

Top non-repeatable levels by time:
     D:1: 1210 daAuts
     D:2: 1062 daAuts
     D:4: 1043 daAuts
     D:5: 1028 daAuts
     D:3: 601 daAuts
     D:6: 548 daAuts
  Temple: 97 daAuts
